 Dungeon Crawl Stone Soup version 0.29.1-1-gd02db6906a (webtiles) character file.

Game seed: 10102810638592067326

35 Orsonium the Gusty (level 3, 0/26 HPs)
             Began as a Demonspawn Wanderer on Sept 21, 2022.
             Slain by Jessica
             ... wielding a +0 dagger
              (1 damage)
             ... on level 2 of the Dungeon.
             The game lasted 00:03:49 (1760 turns).

Orsonium the Gusty (Demonspawn Wanderer)            Turns: 1760, Time: 00:03:50

Health: 0/26       AC:  6    Str: 16    XL:     3   Next: 16%
Magic:  4/4        EV:  9    Int: 11    God:
Gold:   93         SH:  0    Dex: 12    Spells: 3/4 levels left

rFire   . . .      SeeInvis +   a - +0 mace
rCold   . . .      Faith    .   (no shield)
rNeg    . . .      Spirit   .   f - +0 scale mail
rPois   .          Reflect  .   (no helmet)
rElec   .          Harm     .   (no cloak)
rCorr   +          Rampage  .   (no gloves)
Will    .....                   (no boots)
Stlth   ..........              (no amulet)
HPRegen 0.08/turn               i - ring of see invisible
MPRegen 0.09/turn               l - ring of resist corrosion

@: no status effects
A: hooves 1
a: no special abilities


You were on level 2 of the Dungeon.
You visited 1 branch of the dungeon, and saw 2 of its levels.

You collected 93 gold pieces.

Inventory:

Hand Weapons
 a - a +0 mace (weapon)
 c - a +0 dagger
Missiles
 b - 8 poisoned darts (quivered)
Armour
 e - a +0 leather armour
 f - a +0 scale mail (worn)
Jewellery
 i - a ring of see invisible (left hand)
 l - a ring of resist corrosion (right hand)
Scrolls
 d - 2 scrolls of butterflies
 g - a scroll of vulnerability {unknown}
 h - 5 scrolls of identify {unknown}
 k - a scroll of magic mapping {unknown}
Potions
 j - a potion of degeneration {unknown}


   Skills:
 + Level 1.1 Fighting
 + Level 3.2 Maces & Flails
 + Level 1.0 Throwing
 * Level 1.1 Armour
 * Level 1.2 Dodging
 - Level 1.0 Spellcasting
 - Level 3.6 Air Magic


You had 3 spell levels left.
You knew the following spells:

 Your Spells              Type           Power      Damage    Failure   Level
a - Shock                 Conj/Air       16%        1d4       50%         1

Your spell library contained the following spells:

 Spells                   Type           Power      Damage    Failure   Level
 Poisonous Vapours        Pois/Air       8%         N/A       65%         2
 Static Discharge         Conj/Air       4%         3-4/arc   65%         2
 Sting                    Tmut/Pois      0%         1d3       75%         1
 Mephitic Cloud           Conj/Pois/Air  3%         N/A       91%         3
 Olgreb's Toxic Radiance  Pois           0%         N/A       100%        4


Dungeon Overview and Level Annotations

Branches:
Dungeon (2/15)

Altars:

Annotations:
D:2 Jessica


Innate Abilities, Weirdness & Mutations

You have large cloven feet.


Message History

You hit the worm.
You kill the worm!
Jessica gestures at you while chanting. Pain shoots through your body!
You see here a worm corpse.
Jessica hits you with a +0 dagger.
You hit Jessica but do no damage. You kick Jessica.
Jessica is lightly wounded.
Jessica closely misses you. Jessica hits you with a +0 dagger.
You completely miss Jessica.
Jessica is lightly wounded.
Jessica casts a spell.
Jessica blinks!
Jessica gestures at you while chanting. Pain shoots through your body!
Jessica gestures wildly while chanting.
Jessica blinks!
You see here a worm corpse.
You see here 2 javelins.
Found a falchion.
Jessica gestures at you while chanting.
You barely resist. You closely miss Jessica.
Jessica is lightly wounded.
Jessica casts a spell at you.
You barely resist.
Jessica mumbles something strange.
Jessica mumbles some strange words.
Jessica blinks!
Jessica hits you with a +0 dagger.
You hit Jessica.
Jessica is severely wounded.
Jessica hits you with a +0 dagger.
* * * LOW HITPOINT WARNING * * *
Jessica hits you with a +0 dagger.
* * * LOW HITPOINT WARNING * * *
You barely miss Jessica.
Jessica is severely wounded.
Jessica hits you with a +0 dagger.
You die...

..#.# ....#
#...# #[..#
##...####
........
#########...#
#@@.(.†.....#
#.#######...#
#. #...#######
#. #..........
.)
####...#######
.. #......#
#.. #<##...#
### #.#.#...#
##### ..
#....# #....


You could see Jessica (fast).

Vanquished Creatures
  An adder (D:2)
  2 worms (D:2)
  2 endoplasms
  3 goblins
  A hobgoblin (D:1)
  2 quokkas (D:1)
  3 frilled lizards
  5 kobolds
  3 rats
22 creatures vanquished.

Notes
Turn   | Place    | Note
-------+----------+-------------------------------------------
     0 | D:1      | Orsonium the Demonspawn Wanderer began the quest for the
                  | Orb.
     0 | D:1      | Orsonium set off with the following items: a +0 mace, 8
                  | poisoned darts, a +0 dagger, a scroll of butterflies, a +0
                  | leather armour; and the following spell memorised: Shock;
                  | and the following spells available to memorise: Static
                  | Discharge, Mephitic Cloud.
     0 | D:1      | Reached XP level 1. HP: 15/15 MP: 2/2
   627 | D:1      | Discovered your monstrous ancestry.
   627 | D:1      | Gained mutation: You have large cloven feet. [demonic
                  | ancestry]
   627 | D:1      | Reached XP level 2. HP: 12/21 MP: 3/3
  1324 | D:2      | Reached skill level 1 in Dodging
  1598 | D:2      | Found a faded altar of an unknown god.
  1609 | D:2      | Reached skill level 1 in Armour
  1647 | D:2      | Reached XP level 3. HP: 24/26 MP: 4/4
  1728 | D:2      | Noticed Jessica
  1759 | D:2      | HP: 1/26 [Jessica/+0 dagger (3)]
  1760 | D:2      | Slain by Jessica

Illustrated notes

Levels and vault maps discovered:
D:1:      wheals_arrival_shading, layout_basic, minmay_misc_feat_diagonals
D:2:      layout_loops_ring, basic_ecumenical_altar, uniq_jessica

Skill      XL: |  1  2 |
---------------+-------+-----
Maces & Flails | 3 |  3.2
Dodging        | 1 |  1.2
Armour         | 1 |  1.1
Fighting       | |  1.1
Throwing       | |  1.0
Spellcasting   | |  1.0
Air Magic      | |  3.6

Action                   || total
-------------------------++-------
Melee: Mace              ||    70
       Kick              ||     9
       Punch             ||     1
Armor: Scale mail        ||    23
Dodge: Dodged            ||    32
